 Dungeon Crawl Stone Soup version 0.21.1-1-g345015f (webtiles) character file.

1629 letownia2 the Spear-Bearer (level 8, -4/56 HPs)
             Began as a Merfolk Skald on Mar 12, 2018.
             Was a Believer of Cheibriados.
             Slain by an unseen horror (10 damage)
             ... on level 7 of the Dungeon.
             The game lasted 00:19:52 (2737 turns).

letownia2 the Spear-Bearer (Merfolk Skald)          Turns: 2737, Time: 00:19:52

Health: -4/56      AC:  5    Str: 17    XL:     8   Next: 97%
Magic:  5/11       EV: 13    Int: 19    God:    Cheibriados [**....]
Gold:   262        SH:  0    Dex: 19    Spells: 0/11 levels left

rFire    . . .     SeeInvis .   b - -1 trident (curse)
rCold    . . .     Gourm    .   (no shield)
rNeg     + . .     Faith    .   u - +0 leather armour
rPois    +         Spirit   .   (no helmet)
rElec    .         Reflect  .   (no cloak)
rCorr    .         Harm     .   (no gloves)
MR       .....                  h - +1 pair of boots
Stlth    ++........             (no amulet)
HPRegen  0.18/turn              o - ring of poison resistance
MPRegen  0.12/turn              l - ring of positive energy

@: very slightly contaminated, very slow
A: change form in water, swift swim, stealthy swim, thin skeletal structure 1,
blurry vision 1, strong 1
a: Bend Time, Renounce Religion


You were on level 7 of the Dungeon.
You worshipped Cheibriados.
Cheibriados was pleased with you.
You were hungry.

You visited 2 branches of the dungeon, and saw 9 of its levels.

You collected 262 gold pieces.

Inventory:

Hand Weapons
 a - a +0 spear
 b - a cursed -1 trident (weapon)
 w - a +0 scythe
Armour
 e - a +0 scale mail
 h - a +1 pair of boots (worn)
 m - a +0 ring mail
 n - a +0 ring mail
 s - the +1 robe of the Hart {+Blink MP+9 Int+7, unknown}
   (You found it on level 5 of the Dungeon)

   It affects your intelligence (+7).
   It affects your magic capacity (+9).
   It lets you blink.
 u - a +0 leather armour (worn)
 x - a +0 chain mail
Jewellery
 l - a ring of positive energy (right hand)
 o - a ring of poison resistance (left hand)
 p - an uncursed ring of ice
 r - an uncursed ring of ice
Wands
 q - a wand of clouds (4)
 v - a wand of polymorph (13)
 D - a wand of iceblast (4)
Scrolls
 f - a scroll of immolation {unknown}
 g - a scroll of identify {unknown}
 k - a scroll of blinking
 t - a scroll of remove curse {unknown}
 y - a scroll of random uselessness {unknown}
 B - a scroll of teleportation {unknown}
 C - a scroll of enchant weapon {unknown}
 E - a scroll of fear {unknown}
Potions
 i - 2 potions of curing
 j - a potion of mutation
 z - a potion of heal wounds
 A - a potion of flight {unknown}
Books
 c - a book of Battle

   Spells                             Type                      Level
   a - Infusion                       Charms                       1
   b - Shroud of Golubria             Charms/Translocation         2
   c - Song of Slaying                Charms                       2
   d - Spectral Weapon                Hexes/Charms                 3
   e - Regeneration                   Charms/Necromancy            3
Comestibles
 d - 6 rations


   Skills:
 - Level 2.1 Fighting
 + Level 13.2 Polearms
 - Level 0.6 Armour
 - Level 2.6 Dodging
 - Level 2.0 Spellcasting
 - Level 1.2 Hexes
 - Level 6.0 Charms
 - Level 1.2 Necromancy
 - Level 1.1 Translocations


You couldn't memorise any spells.
You knew the following spells:

 Your Spells              Type           Power        Failure   Level  Hunger
a - Infusion              Chrm           ###.         1%          1    #......
g - Regeneration          Chrm/Necr      ###.......   13%         3    ###....
l - Song of Slaying       Chrm           ###.....     2%          2    ###....
t - Shroud of Golubria    Chrm/Tloc      ###.......   7%          2    ###....
x - Spectral Weapon       Hex/Chrm       ###.....     13%         3    ###....


Dungeon Overview and Level Annotations

Branches:
Dungeon (8/15)             Temple (1/1) D:4
   Lair: D:8-11

Altars:
Cheibriados
Dithmenos
Elyvilon
Fedhas
Hepliaklqana
Nemelex Xobeh
Okawaru
Ru
Sif Muna
Vehumet
Wu Jian

Annotations:
D:2 Natasha


Innate Abilities, Weirdness & Mutations

You revert to your normal form in water.
You are very nimble and swift while swimming.
You are very stealthy in the water. (Stealth+)
You have a somewhat thin skeletal structure. (Dex +2, Stealth)
Scrolls take you a little longer to read.
Your muscles are strong. (Str +2)


Message History

Unknown command.
Unknown command.
You feel better.
Something hits you but does no damage. x2
Unknown command.
Something hits you but does no damage.
You begin reading the scroll.
You continue reading the scroll.
Something hits you.
* * * LOW HITPOINT WARNING * * *
Blink to where?
Press: ? - help, Dir - move target cursor You are very lightly contaminated with residual magic.
As you read the scroll labeled NYACSEN ZEOK, it crumbles to dust.
It was a scroll of blinking.
There is an open door here.
Unknown command.
Something hits you!
* * * LOW HITPOINT WARNING * * *
Your shroud falls apart!
You close the door.
Something hits you!
You die...

#......... ##..###+##
##..## #....+ #....#
#....# ## ##...# .##
#######+##+######. ..#
#.........@....... ..#
#....[............ ..#
#.................
.#######......###+#####+
.#.....#......##.....
.#.....#.............
.#.....+.............
.#.....######†##.....
.'...........†.########


There were no monsters in sight!

Vanquished Creatures
  Sigmund (D:6)
  2 yaks (D:8)
  An ice beast (D:7)
  An ogre (D:6)
  A centaur (D:7)
  A bullfrog (D:6)
  A big kobold (D:7)
  6 killer bees (D:7)
  2 howler monkeys
  2 crimson imps
  3 orc priests
  A centaur skeleton (D:4)
  Terence (D:2)
  An orc wizard (D:5)
  5 worker ants
  3 gnolls (D:4)
  4 adders
  A worm (D:3)
  4 dart slugs
  3 leopard geckos
  18 orcs
  6 bats
  4 giant cockroaches
  5 goblins
  5 hobgoblins
  2 jackals (D:2)
  2 quokkas
  2 frilled lizards
  12 kobolds
  A rat (D:3)
101 creatures vanquished.

Vanquished Creatures (others)
  A spectral weapon (D:5)
1 creature vanquished.

Grand Total: 102 creatures vanquished

Notes
Turn   | Place    | Note
-------+----------+-------------------------------------------
     0 | D:1      | letownia2 the Merfolk Skald began the quest for the Orb.
     0 | D:1      | Reached XP level 1. HP: 16/16 MP: 3/3
    66 | D:1      | Reached skill level 4 in Polearms
    66 | D:1      | Reached XP level 2. HP: 16/22 MP: 0/5
   117 | D:1      | Learned a level 2 spell: Shroud of Golubria
   131 | D:2      | Noticed Natasha
   267 | D:2      | Reached skill level 1 in Translocations
   271 | D:2      | Noticed Terence
   295 | D:2      | Killed Terence
   295 | D:2      | Reached skill level 5 in Polearms
   295 | D:2      | Reached XP level 3. HP: 11/27 MP: 0/6
   302 | D:2      | Learned a level 3 spell: Spectral Weapon
   530 | D:2      | Reached XP level 4. HP: 23/33 MP: 5/7
   554 | D:2      | Reached skill level 1 in Hexes
   929 | D:2      | Reached skill level 6 in Polearms
  1043 | D:4      | Reached XP level 5. HP: 24/38 MP: 0/8
  1292 | D:4      | Found a staircase to the Ecumenical Temple.
  1300 | Temple   | Entered the Ecumenical Temple
  1309 | Temple   | Became a worshipper of Cheibriados the Contemplative
  1453 | D:4      | Reached skill level 7 in Polearms
  1453 | D:4      | Reached XP level 6. HP: 29/44 MP: 0/9
  1511 | D:5      | Entered Level 5 of the Dungeon
  1522 | D:5      | Got an ancient robe
  1587 | D:5      | Gained mutation: Your muscles are strong. (Str +2) [potion of mutation]
  1587 | D:5      | Gained mutation: Scrolls take you a little longer to read. [potion of mutation]
  1587 | D:5      | Gained mutation: You have a somewhat thin skeletal structure. (Dex +2, Stealth) [potion of mutation]
  1589 | D:5      | HP: 1/44 [orc priest/divine providence (13)]
  1592 | D:5      | Reached skill level 8 in Polearms
  1624 | D:4      | Learned a level 3 spell: Regeneration
  1738 | D:5      | Found a shadowy altar of Dithmenos.
  1782 | D:6      | Noticed Sigmund
  1916 | D:5      | Reached skill level 1 in Necromancy
  2031 | D:6      | Reached XP level 7. HP: 17/50 MP: 10/10
  2048 | D:6      | Killed Sigmund
  2048 | D:6      | Reached * piety under Cheibriados
  2048 | D:6      | Reached skill level 9 in Polearms
  2073 | D:6      | Reached skill level 10 in Polearms
  2241 | D:7      | Reached skill level 5 in Charms
  2284 | D:7      | Reached XP level 8. HP: 53/56 MP: 9/11
  2303 | D:8      | Noticed a yak
  2303 | D:8      | Noticed a yak
  2306 | D:8      | Noticed a yak
  2329 | D:8      | Killed a yak
  2329 | D:8      | Reached skill level 11 in Polearms
  2349 | D:8      | Killed a yak
  2417 | D:7      | Learned a level 2 spell: Song of Slaying
  2550 | D:6      | Reached ** piety under Cheibriados
  2550 | D:6      | Reached skill level 12 in Polearms
  2706 | D:7      | Reached skill level 13 in Polearms
  2737 | D:7      | Slain by an unseen horror

Skill      XL: |  1  2  3  4  5  6  7  8 |
---------------+-------------------------+-----
Polearms       | 4 5 6 7 8 10 13 | 13.2
Translocations | 1 |  1.1
Hexes          | 1 |  1.2
Charms         | 4 5 6 |  6.0
Necromancy     | 1 |  1.2
Fighting       | |  2.1
Armour         | |  0.6
Dodging        | |  2.6
Spellcasting   | |  2.0

Action                   |  1- 3 |  4- 6 |  7- 9 || total
-------------------------+-------+-------+-------++-------
Melee: Spear             |   111 |   288 |   116 ||   515
       Tailslap          |     2 |       |       ||     2
       Trident           |       |       |    76 ||    76
 Cast: Infusion          |     3 |     2 |       ||     5
       Shroud of Golubri |     5 |    24 |    13 ||    42
       Spectral Weapon   |       |     9 |     7 ||    16
       Regeneration      |       |     5 |     8 ||    13
       Song of Slaying   |       |       |     2 ||     2
Evoke: Wand              |       |     2 |       ||     2
  Use: Potion            |     1 |     3 |     1 ||     5
       Scroll            |       |       |     1 ||     1
 Stab: Distracted        |       |     1 |     1 ||     2
       Confused          |       |     1 |       ||     1
  Eat: Chunk             |       |    10 |     4 ||    14
Armor: Leather armour    |    30 |    42 |    28 ||   100
Dodge: Dodged            |    51 |   112 |    71 ||   234
